 Dungeon Crawl Stone Soup version 0.28.0-43-g3370ac3207 (webtiles) character file.

Game seed: 8577865226362568882

53 silky the Cudgeller (level 3, 0/33 HPs)
             Began as a Minotaur Chaos Knight on Mar 30, 2022.
             Was a Plaything of Xom.
             Slain by an orc
             ... wielding a +0 mace
              (6 damage)
             ... on level 3 of the Dungeon.
             The game lasted 00:04:26 (2010 turns).

silky the Cudgeller (Minotaur Chaos Knight)         Turns: 2010, Time: 00:04:27

Health: 0/33       AC:  5    Str: 18    XL:     3   Next: 62%
Magic:  2/2        EV: 11    Int: 11    God:    Xom [...*..]
Gold:   109        SH:  0    Dex:  9    Spells: 2/2 levels left

rFire   . . .      SeeInvis .   a - +0 mace (chaos)
rCold   . . .      Faith    .   (no shield)
rNeg    . . .      Spirit   .   b - +2 leather armour
rPois   .          Reflect  .   (helmet restricted)
rElec   .          Harm     .   (no cloak)
rCorr   .          Rampage  .   (no gloves)
Will    .....                   (no boots)
Stlth   +.........              (no amulet)
HPRegen 0.11/turn               (no ring)
MPRegen 0.08/turn               (no ring)

@: no status effects
A: horns 2, retaliatory headbutt, clever 1, MP-powered wands
a: Renounce Religion


You were on level 3 of the Dungeon.
You worshipped Xom.
You were a favourite toy of Xom.
You visited 1 branch of the dungeon, and saw 3 of its levels.

You collected 109 gold pieces.

Inventory:

Hand Weapons
 a - a +0 mace of chaos (weapon)
Armour
 b - a +2 leather armour (worn)
Scrolls
 c - a scroll of teleportation {unknown}
 d - a scroll of silence
Potions
 g - a potion of haste {unknown}


   Skills:
 + Level 4.1 Fighting
 + Level 4.7 Maces & Flails
 + Level 3.2 Armour
 + Level 1.2 Dodging


You had 2 spell levels left.
You didn't know any spells.
Your spell library was empty.

Dungeon Overview and Level Annotations

Branches:
Dungeon (3/15)

Altars:

Shops:
D:2 (


Innate Abilities, Weirdness & Mutations

You have a pair of horns on your head.
You reflexively headbutt those who attack you in melee.
Your mind is acute. (Int +2)
You expend magic power (3 MP) to strengthen your wands.


Message History

Okay, then.
Blink to where?
Press: ? - help, Dir - move target
As you read the scroll of blinking, it crumbles to dust.
A bat comes into view.
The bat hits you.
* * * LOW HITPOINT WARNING * * *
2 orcs come into view.
The orc shouts!
The bat barely misses you.
An orc comes into view.
It is wielding a +0 club and quivering atropa-tipped darts.
The bat closely misses you.
The orc shouts!
You hear a shout!
The bat hits you but does no damage. The bat closely misses you.
You furiously retaliate!
You headbutt the bat!
You kill the bat!
An orc comes into view. It is wielding a +0 hand axe.
A ball python comes into view.
A bat comes into view.
The ball python hisses angrily.
The bat barely misses you. The bat hits you but does no damage.
You hit the bat.
You kill the bat!
The orc completely misses you. You furiously retaliate!
You headbutt the orc.
You see here a bat corpse.
You hit the orc but do no damage. You headbutt the orc, but do no damage.
The orc is severely wounded.
The orc closely misses you.
The orc throws an atropa-tipped dart.
The atropa-tipped dart hits you!
You are confused.
You're too confused to move!
The orc misses you.
You feel less confused. The orc hits you with a +0 mace.
* * * LOW HITPOINT WARNING * * *
The orc throws an atropa-tipped dart.
The atropa-tipped dart hits you.
You are confused.
You feel less confused. The orc hits you with a +0 mace.
You die...

####...###......!
#..O...# ##......
###.###.## #.##.#
###...# .# .# .#
.######...### ..
.# # S.o...o.###
.## .#
...##.#o### .# #
#...###...##
###o@.......
####..###. ##


You could see 3 orcs.

Vanquished Creatures
  An adder (D:2)
  3 worms (D:2)
  2 endoplasms (D:1)
  3 goblins
  3 hobgoblins (D:1)
  4 kobolds
  5 quokkas
  4 ball pythons
  5 bats
  3 frilled lizards
  3 rats (D:1)
36 creatures vanquished.

Notes
Turn   | Place    | Note
-------+----------+-------------------------------------------
     0 | D:1      | silky the Minotaur Chaos Knight began the quest for the
                  | Orb.
     0 | D:1      | Reached XP level 1. HP: 19/19 MP: 0/0
   172 | D:1      | XOM: divination: detect creatures
   264 | D:1      | XOM: divination: magic mapping
   344 | D:1      | Reached XP level 2. HP: 21/27 MP: 1/1
   385 | D:1      | XOM: god gift: leather armour {god gift}
   467 | D:1      | Found a faded altar of an unknown god.
   467 | D:1      | XOM: 9-stop teleportation journey
   989 | D:2      | Reached XP level 3. HP: 21/33 MP: 2/2
  1168 | D:2      | XOM: divination: detect items
  1202 | D:2      | XOM: silly message
  1649 | D:2      | Found Siobbick's Weapon Emporium.
  1732 | D:2      | XOM: give mutations
  1732 | D:2      | Gained mutation: Your mind is acute. (Int +2) [Xom's grace]
  1732 | D:2      | Gained mutation: You expend magic power (3 MP) to
                  | strengthen your wands. [Xom's grace]
  1970 | D:3      | Noticed an ogre
  2010 | D:3      | Slain by an orc

Illustrated notes

Levels and vault maps discovered:
D:1:      mrwooster_arrival_arrow, layout_basic, ebering_ecumenical_altar_mist
D:2:      layout_basic, serial_shops, nicolae_shop_waterfront
D:3:      layout_rooms

Skill      XL: |  1  2 |
---------------+-------+-----
Maces & Flails | 4 |  4.7
Fighting       | 4 |  4.1
Armour         | 3 |  3.2
Dodging        | |  1.2

Action                   || total
-------------------------++-------
Melee: Mace              ||    79
       Headbutt          ||     8
  Use: Scroll            ||     4
Armor: Leather armour    ||    26
Dodge: Dodged            ||    54
